cohdb
Replays
Latest Replays
All Replays
Popular Replays
Top Player Replays
Match Explorer
How It Works
Community
CoH3 Stats
Reddit
Sign in to upload your games and track your stats! →
Sign in with Steam
Match 45280032
Unlisted
Match 45280032
Overview
Messages
Build Orders
End
Construct Infanterie Kompanie
Selects Terror Battlegroup
Selects Machine Gun Camouflage
MG 42 Machine Gun Team
MG 42 Machine Gun Team
Grenadier Squad
Grenadier Squad
Construct Panzergrenadier Kompanie
251 Medium Carrier
Support Elements
Selects Interrogate
Selects Contempt for the Weak
Nebelwerfer 42 Rocket Launcher Team
StuG III G Assault Gun
Panzergrenadier Squad
Selects Jericho Trumpet
Pak 40 Anti-tank Gun Team
Pak 40 Anti-tank Gun Team
Nebelwerfer 42 Rocket Launcher Team
Construct Panzer Kompanie
Panzer IV Medium Tank
Selects V1 Rocket Strike
Panzer IV Medium Tank
Stoßtruppen Squad
Panzer IV Medium Tank
Selects Defend the Fatherland
V1 Rocket Strike
SoccerHead
KeatonTheCodGod
stediscus
S.L.1.N
7 DIVISAO PHANTOM
anioki
Anonym0usH
Adepta Ministorum
0
0
Comments
sign in to comment!
No comments posted yet!